 Dungeon Crawl Stone Soup version 0.28-a0-8-g6e044cfa68 (webtiles) character file.

Game seed: 8411625856803627015

33 gimp the Covered (level 3, 0/42 HPs)
             Began as a Formicid Wanderer on July 23, 2021.
             Slain by Sigmund (1 damage)
             ... on level 2 of the Dungeon.
             The game lasted 00:02:54 (995 turns).

gimp the Covered (Formicid Wanderer)                 Turns: 995, Time: 00:02:55

Health: 0/42       AC: 21    Str: 17    XL:     3   Next: 47%
Magic:  3/3        EV:  2    Int:  9    God:
Gold:   172        SH:  0    Dex: 12    Spells: 2/2 levels left

rFire   . . .      SeeInvis .   a - +2 mace
rCold   . . .      Faith    .   (no shield)
rNeg    + + +      Spirit   .   (armour currently unavailable)
rPois   +          Reflect  .   (helmet unavailable)
rElec   .          Harm     .   (cloak currently unavailable)
rCorr   .          Rampage  .   (gloves currently unavailable)
Will    .....                   (boots currently unavailable)
Stlth   ++........              (no amulet)
HPRegen 0.14/turn               (no ring)
MPRegen 0.08/turn               (no ring)

@: tree-form
A: stationary, stasis, torment immunity, boosted hp, permanent stasis, dig
shafts and tunnels, (antennae 3), four strong arms
a: no special abilities


You were on level 2 of the Dungeon.
You were a tree.
You visited 1 branch of the dungeon, and saw 2 of its levels.

You collected 172 gold pieces.

Inventory:

Hand Weapons
 a - a +2 mace (weapon)
Armour
 d - a +0 robe
 h - a +0 ring mail (melded)
Jewellery
 e - a ring of ice
 g - a ring of see invisible
Scrolls
 f - a scroll of identify {unknown}
 i - a scroll of blinking {unknown}
 j - a scroll of fear {unknown}


   Skills:
 + Level 2.5 Fighting
 + Level 3.1 Maces & Flails
 - Level 1.0 Crossbows
 + Level 3.9 Armour
 - Level 1.2 Stealth
 - Level 1.2 Shields


You had 2 spell levels left.
You didn't know any spells.
Your spell library was empty.

Dungeon Overview and Level Annotations

Branches:
Dungeon (2/15)

Altars:

Annotations:
D:2 Sigmund


Innate Abilities, Weirdness & Mutations

You are a tree.
Your roots penetrate the ground, keeping you stationary.
You cannot be teleported.
You are immune to unholy pain and torment.
Your maximum health is greatly increased.
Your equipment is partially melded.
You cannot be hasted, slowed, berserked, paralysed or teleported.
You can dig through walls and to a lower floor.
((You have a pair of large antennae on your head. (SInv)))
Your four strong arms can wield two-handed weapons with a shield.


Message History

You take 1 damage, and have 20/28 hp.
Really quaff the potion of lignification?
You turn into a tree.
Your +0 ring mail melds into your body.
Your roots penetrate the ground.
Something hits you.
Deactivating autopickup; reactivate with Ctrl-A.
You now have 25/42 hp.
No target in view!
No target in view!
You closely miss something. Something hits you.
You take 1 damage, and have 24/42 hp.
You hit something but do no damage. Something hits you.
You take 2 damage, and have 22/42 hp.
You hit something but do no damage.
You hear some strange, mumbled words.
You are confused.
You cannot move. (Use ctrl+direction or * direction to attack without moving.)
You cannot move. (Use ctrl+direction or * direction to attack without moving.)
You cannot move. (Use ctrl+direction or * direction to attack without moving.) There's something in the way.
There's something in the way.
You miss something. Something hits you! Something hits you.
* * * LOW HITPOINT WARNING * * *
You take 14 damage, and have 8/42 hp.
MASSIVE DAMAGE!!
There's something in the way.
You feel better. Something hits you but does no damage.
You regained 9 hp, and now have 17/42 hp.
You hit something but do no damage. Something hits you but does no damage.
You barely miss something. Something hits you but does no damage.
You hit something but do no damage. Something hits you but does no damage.
Something hits you!
* * * LOW HITPOINT WARNING * * *
You take 8 damage, and have 9/42 hp.
You closely miss something. Something hits you!
* * * LOW HITPOINT WARNING * * *
You take 8 damage, and have 1/42 hp.
You aren't carrying any items that you can evoke.
Unknown command.
Okay, then.
You closely miss something. Something hits you.
You die...

##.=.........$. .#..
..>............ .#.#
##............. ...#
.##.............
...##.##.............
.......##...@........
.......# #.....#
.......# ####†####
.......# #..#♣#
.......# #.#{##
.......# #.###
##.....## #.#
##......## #.#
#........## #.#
#.........# #.#
..........# #.#
#.........# #†#


There were no monsters in sight!

Vanquished Creatures
  An adder (D:2)
  2 endoplasms
  2 giant cockroaches
  A goblin (D:1)
  4 jackals (D:1)
  2 kobolds
  A quokka (D:2)
  3 ball pythons
  3 bats (D:2)
  4 rats
23 creatures vanquished.

Vanquished Creatures (others)
  A plant (D:2)
  4 toadstools (D:1)
5 creatures vanquished.

Grand Total: 28 creatures vanquished

Notes
Turn   | Place    | Note
-------+----------+-------------------------------------------
     0 | D:1      | gimp the Formicid Wanderer began the quest for the Orb.
     0 | D:1      | gimp set off with the following items: a +2 mace, a potion
                  | of lignification, a potion of curing, a +0 robe
     0 | D:1      | Reached XP level 1. HP: 15/15 MP: 1/1
   256 | D:1      | Reached XP level 2. HP: 21/22 MP: 2/2
   317 | D:1      | Found a faded altar of an unknown god.
   712 | D:2      | Reached XP level 3. HP: 10/28 MP: 3/3
   967 | D:2      | Noticed Sigmund
   994 | D:2      | HP: 1/42 [something (8)]
   995 | D:2      | Slain by Sigmund

Illustrated notes

Levels and vault maps discovered:
D:1:      minmay_arrival_widening_spiral_wide, layout_rooms,
          ebering_ecumenical_altar_hall, kennysheep_pointless_box,
          minmay_misc_feat_tiny, minmay_gold_behind_fungi
D:2:      layout_rooms, serial_shops, nicolae_shop_overgrown_old_shop,
          uniq_sigmund

Skill      XL: |  1  2 |
---------------+-------+-----
Fighting       | 2 |  2.5
Maces & Flails | |  3.1
Crossbows      | |  1.0
Armour         | |  3.9
Stealth        | |  1.2
Shields        | |  1.2

Action                   || total
-------------------------++-------
Melee: Mace              ||    75
 Abil: Dig               ||     2
  Use: Potion            ||     2
Armor: Ring mail         ||    30
       Skin              ||     4
Dodge: Dodged            ||    53

Table legend: (Time is in decaauts)
 A = Elapsed time spent in this place.
 B = Non-inter-level travel time spent in this place.
 C = Inter-level travel time spent in this place.
 D = Time resting spent in this place.
 E = Time spent auto-exploring this place.
 F = Levels seen in this place.
 G = Mean time per level.
                   A        B        C        D        E       F      G
               +--------+--------+--------+--------+--------+-----+--------+
         Total |   1014 |    978 |     36 |     73 |    680 |   2 |  507.0 |
       Dungeon |   1014 |    978 |     36 |     73 |    680 |   2 |  507.0 |
               +--------+--------+--------+--------+--------+-----+--------+

Top non-repeatable levels by time:
     D:1: 608 daAuts
     D:2: 406 daAuts
